TOP OF THE 1ST |
Belvedere Park Rawhides batting - Pitching for Casper Ghosts : RHP Earl Simmons
|
Pitching: RHP Earl Simmons
|
|
Batting: LHB Dan O'Day
|
0-0: Ball 1-0: Ball 2-0: Ball 3-0: Base on Balls
|
Batting: SHB Eduardo Pampin
|
0-0: Called Strike 0-1: Ball 1-1: Fly out, F8 (Flyball, 78M)
|
Batting: SHB Adrián Zamudio
|
0-0: Ball Throwing error on steal attempt, E2 Dan O'Day to third 1-0: Called Strike 1-1: Foul Ball, location: 2F 1-2: Ground out 6-3 (Groundball, 6M) Dan O'Day scores
|
Batting: RHB José Pérez
|
0-0: Ball 1-0: Ball 2-0: Ball 3-0: Base on Balls
|
Batting: RHB Warren Willis
|
0-0: Ball 1-0: Ball 2-0: Called Strike 2-1: Swinging Strike 2-2: Foul Ball, location: 2F 2-2: Ball 3-2: Fly out, F9 (Flyball, 9LMF)
|
Top of the 1st over - 1 run(s), 0 hit(s), 1 error(s), 1 left on base; Belvedere Park 1 - Casper 0 |
BOTTOM OF THE 1ST |
Casper Ghosts batting - Pitching for Belvedere Park Rawhides : RHP Paul Addison
|
Pitching: RHP Paul Addison
|
|
Batting: RHB Warner Robinson
|
0-0: Called Strike 0-1: Called Strike 0-2: Hit by Pitch
|
Batting: RHB Todd Sentell
|
0-0: Ball 1-0: Fly out, F7 (Line Drive, 7)
|
Batting: LHB José Valéncia
|
0-0: Swinging Strike 0-1: Ball 1-1: Ball 2-1: Foul Ball, location: 2F 2-2: SINGLE (Groundball, 34S) (infield hit) Warner Robinson to second
|
Batting: RHB Manny Maltby
|
0-0: Called Strike 0-1: Called Strike 0-2: Foul Ball, location: 2F 0-2: Foul Ball, location: 2F 0-2: Ball 1-2: Strikes out swinging
|
Batting: LHB José Hernández
|
0-0: Ball 1-0: Swinging Strike 1-1: Foul Ball, location: 2F 1-2: Strikes out looking
|
Bottom of the 1st over - 0 run(s), 1 hit(s), 0 error(s), 2 left on base; Belvedere Park 1 - Casper 0 |
TOP OF THE 2ND |
Belvedere Park Rawhides batting - Pitching for Casper Ghosts : RHP Earl Simmons
|
Batting: RHB Armond Merlin
|
0-0: SINGLE (Line Drive, 8LS)
|
Batting: RHB Charles Rowell
|
0-0: Fly out, F9 (Flyball, 9)
|
Batting: RHB Ed Jozwiak
|
0-0: Ball Armond Merlin is caught stealing 2nd base 1-0: Ground out 4-3 (Groundball, 4)
|
Top of the 2nd over - 0 run(s), 1 hit(s), 0 error(s), 0 left on base; Belvedere Park 1 - Casper 0 |
BOTTOM OF THE 2ND |
Casper Ghosts batting - Pitching for Belvedere Park Rawhides : RHP Paul Addison
|
Batting: RHB Félix Ramos
|
0-0: Ball 1-0: Ground out 6-3 (Groundball, 6)
|
Batting: RHB Roberto De La Cruz
|
0-0: Called Strike 0-1: Swinging Strike 0-2: Ball 1-2: Foul Ball, location: 2F 1-2: Foul Ball, location: 2F 1-2: Foul Ball, location: 2F 1-2: Strikes out swinging
|
Batting: RHB Henry Appleby
|
0-0: Swinging Strike 0-1: SINGLE (Flyball, 7LS)
|
Batting: LHB Iemitsu Hatsutori
|
0-0: Called Strike 0-1: Foul Ball, location: 2F 0-2: SINGLE (Flyball, 8LS) Henry Appleby to second
|
Batting: RHB Warner Robinson
|
0-0: Called Strike 0-1: Ball 1-1: Ground out 4-3 (Groundball, 4MS)
|
Bottom of the 2nd over - 0 run(s), 2 hit(s), 0 error(s), 2 left on base; Belvedere Park 1 - Casper 0 |
TOP OF THE 3RD |
Belvedere Park Rawhides batting - Pitching for Casper Ghosts : RHP Earl Simmons
|
Batting: RHB Armando Carmona
|
0-0: Fly out, F9 (Flyball, 89M)
|
Batting: LHB Dan O'Day
|
0-0: Swinging Strike 0-1: Ball 1-1: Fly out, F7 (Flyball, 78M)
|
Batting: SHB Eduardo Pampin
|
0-0: Called Strike 0-1: Swinging Strike 0-2: Ball 1-2: Foul Ball, location: 2F 1-2: SINGLE (Groundball, 4D)
|
Batting: SHB Adrián Zamudio
|
0-0: Ball 1-0: Foul Ball, location: 2F 1-1: Called Strike 1-2: Foul Ball, location: 2F 1-2: Fielders Choice at 2nd, 4-6 (Groundball, 4)
|
Top of the 3rd over - 0 run(s), 1 hit(s), 0 error(s), 0 left on base; Belvedere Park 1 - Casper 0 |
BOTTOM OF THE 3RD |
Casper Ghosts batting - Pitching for Belvedere Park Rawhides : RHP Paul Addison
|
Batting: RHB Todd Sentell
|
0-0: Ball 1-0: Ball 2-0: SINGLE (Line Drive, 6MD)
|
Batting: LHB José Valéncia
|
0-0: Called Strike 0-1: Grounds into double play, 4-6-3 (Groundball, 4)
|
Batting: RHB Manny Maltby
|
0-0: Ground out 4-3 (Groundball, 4)
|
Bottom of the 3rd over - 0 run(s), 1 hit(s), 0 error(s), 0 left on base; Belvedere Park 1 - Casper 0 |
TOP OF THE 4TH |
Belvedere Park Rawhides batting - Pitching for Casper Ghosts : RHP Earl Simmons
|
Batting: RHB José Pérez
|
0-0: Foul Ball, location: 2F 0-1: Ball 1-1: Swinging Strike 1-2: Ball 2-2: Ball 3-2: Foul Ball, location: 2F 3-2: Ground out 4-3 (Groundball, 4)
|
Batting: RHB Warren Willis
|
0-0: Fly out, F4 (Popup, 34)
|
Batting: RHB Armond Merlin
|
0-0: Ball 1-0: Ball 2-0: Called Strike 2-1: Ball 3-1: Base on Balls
|
Batting: RHB Charles Rowell
|
0-0: Ball 1-0: Called Strike 1-1: Ball 2-1: Foul Ball, location: 2F 2-2: Foul Ball, location: 2F 2-2: Fly out, F9 (Line Drive, 9)
|
Top of the 4th over - 0 run(s), 0 hit(s), 0 error(s), 1 left on base; Belvedere Park 1 - Casper 0 |
BOTTOM OF THE 4TH |
Casper Ghosts batting - Pitching for Belvedere Park Rawhides : RHP Paul Addison
|
Batting: LHB José Hernández
|
0-0: Ball 1-0: Fly out, F7 (Flyball, 7S)
|
Batting: RHB Félix Ramos
|
0-0: Called Strike 0-1: Swinging Strike 0-2: Foul Ball, location: 2F 0-2: Ball 1-2: Ball 2-2: Foul Ball, location: 2F 2-2: Ground out 6-3 (Groundball, 6)
|
Batting: RHB Roberto De La Cruz
|
0-0: Swinging Strike 0-1: Foul Ball, location: 2F 0-2: Foul Ball, location: 2F 0-2: Ball 1-2: Foul Ball, location: 2F 1-2: Strikes out swinging
|
Bottom of the 4th over - 0 run(s), 0 hit(s), 0 error(s), 0 left on base; Belvedere Park 1 - Casper 0 |
TOP OF THE 5TH |
Belvedere Park Rawhides batting - Pitching for Casper Ghosts : RHP Earl Simmons
|
Batting: RHB Ed Jozwiak
|
0-0: Foul Ball, location: 2F 0-1: Ball 1-1: Ball 2-1: Ball 3-1: Swinging Strike 3-2: Ground out 5-3 (Groundball, 5L)
|
Batting: RHB Armando Carmona
|
0-0: Ball 1-0: Called Strike 1-1: Foul Ball, location: 2F 1-2: Ball 2-2: Ball 3-2: Strikes out looking
|
Batting: LHB Dan O'Day
|
0-0: Ball 1-0: Ball 2-0: SINGLE (Flyball, 8LS)
|
Batting: SHB Eduardo Pampin
|
0-0: Called Strike 0-1: SINGLE (Flyball, 78S) Dan O'Day to second
|
Batting: SHB Adrián Zamudio
|
0-0: Called Strike 0-1: Called Strike 0-2: Strikes out swinging
|
Top of the 5th over - 0 run(s), 2 hit(s), 0 error(s), 2 left on base; Belvedere Park 1 - Casper 0 |
BOTTOM OF THE 5TH |
Casper Ghosts batting - Pitching for Belvedere Park Rawhides : RHP Paul Addison
|
Batting: RHB Henry Appleby
|
0-0: Ball 1-0: Foul Ball, location: 2F 1-1: Foul Ball, location: 2F 1-2: Foul Ball, location: 2F 1-2: Foul Ball, location: 2F 1-2: Foul Ball, location: 2F 1-2: Foul Ball, location: 2F 1-2: Ball 2-2: Foul Ball, location: 2F 2-2: Foul Ball, location: 2F 2-2: Ground out 5-3 (Groundball, 5L)
|
Batting: LHB Iemitsu Hatsutori
|
0-0: Ball 1-0: Ball 2-0: Ball 3-0: Called Strike 3-1: Swinging Strike 3-2: Base on Balls
|
Batting: RHB Warner Robinson
|
0-0: Ball 1-0: Foul Ball, location: 2F 1-1: Foul Ball, location: 2F 1-2: Foul Ball, location: 2F 1-2: Reached on error, E5 (Groundball, 56) Iemitsu Hatsutori to second
|
Batting: RHB Todd Sentell
|
0-0: Called Strike 0-1: Ball 1-1: Fielders Choice at 2nd, 6-4 (Groundball, 6M) Iemitsu Hatsutori to third
|
Batting: LHB José Valéncia
|
0-0: Hit by Pitch Todd Sentell to second
|
Batting: RHB Manny Maltby
|
0-0: Foul Ball, location: 2F 0-1: Called Strike 0-2: Ball 1-2: SINGLE (Line Drive, 89S) Iemitsu Hatsutori scores Todd Sentell to third José Valéncia to second
|
Batting: LHB José Hernández
|
0-0: Called Strike 0-1: Foul Ball, location: 2F 0-2: SINGLE (Line Drive, 34) Todd Sentell scores José Valéncia to third Manny Maltby to second Runner from 3rd tries for Home, SAFE, no throw
|
Batting: RHB Félix Ramos
|
0-0: Foul Ball, location: 2F 0-1: Ball 1-1: Ball 2-1: Fly out, F4 (Popup, 4D)
|
Bottom of the 5th over - 3 run(s), 2 hit(s), 1 error(s), 2 left on base; Belvedere Park 1 - Casper 3 |
TOP OF THE 6TH |
Belvedere Park Rawhides batting - Pitching for Casper Ghosts : RHP Earl Simmons
|
Batting: RHB José Pérez
|
0-0: Called Strike 0-1: Ball 1-1: Foul Ball, location: 2F 1-2: Ball 2-2: Ball 3-2: Foul Ball, location: 2F 3-2: Strikes out looking
|
Batting: RHB Warren Willis
|
0-0: Swinging Strike 0-1: Foul Ball, location: 2F 0-2: Ground out 5-3 (Groundball, 2L)
|
Batting: RHB Armond Merlin
|
0-0: Ball 1-0: Ball 2-0: DOUBLE (Line Drive, 78XD)
|
Batting: RHB Charles Rowell
|
0-0: Ball 1-0: Foul Ball, location: 2F 1-1: Foul Ball, location: 2F 1-2: Strikes out swinging
|
Top of the 6th over - 0 run(s), 1 hit(s), 0 error(s), 1 left on base; Belvedere Park 1 - Casper 3 |
BOTTOM OF THE 6TH |
Casper Ghosts batting - Pitching for Belvedere Park Rawhides : RHP Paul Addison
|
Batting: RHB Roberto De La Cruz
|
0-0: Fly out, F9 (Flyball, 9S)
|
Batting: RHB Henry Appleby
|
0-0: Swinging Strike 0-1: SINGLE (Line Drive, 78M)
|
Batting: LHB Iemitsu Hatsutori
|
0-0: Foul Ball, location: 2F 0-1: Foul Ball, location: 2F 0-2: Ball 1-2: Ball 2-2: Ball 3-2: SINGLE (Line Drive, 6MD) Henry Appleby to second
|
Pitching: RHP Aaron Chapman
|
|
Batting: RHB Warner Robinson
|
0-0: Ball 1-0: Foul Ball, location: 2F 1-1: Foul Ball, location: 2F 1-2: Foul Ball, location: 2F 1-2: Ball 2-2: Strikes out looking
|
Batting: RHB Todd Sentell
|
0-0: Ball 1-0: SINGLE (Line Drive, 7LS) Henry Appleby to third Iemitsu Hatsutori to second
|
Batting: LHB José Valéncia
|
0-0: Ball 1-0: SINGLE (Groundball, 4MD) Henry Appleby scores Iemitsu Hatsutori to third Todd Sentell to second Runner from 3rd tries for Home, SAFE, throw made home Todd Sentell to third José Valéncia to second
|
Batting: RHB Manny Maltby
|
0-0: Ground out 1-3 (Groundball, P)
|
Bottom of the 6th over - 2 run(s), 4 hit(s), 0 error(s), 2 left on base; Belvedere Park 1 - Casper 5 |
TOP OF THE 7TH |
Belvedere Park Rawhides batting - Pitching for Casper Ghosts : RHP Earl Simmons
|
Batting: RHB Ed Jozwiak
|
0-0: Ball 1-0: Ground out 4-3 (Groundball, 4)
|
Batting: RHB Armando Carmona
|
0-0: Ball 1-0: Swinging Strike 1-1: Called Strike 1-2: Foul Ball, location: 2F 1-2: Foul Ball, location: 2F 1-2: Ground out 4-3 (Groundball, 4)
|
Batting: LHB Dan O'Day
|
0-0: Fly out, F8 (Line Drive, 8LM)
|
Top of the 7th over - 0 run(s), 0 hit(s), 0 error(s), 0 left on base; Belvedere Park 1 - Casper 5 |
BOTTOM OF THE 7TH |
Casper Ghosts batting - Pitching for Belvedere Park Rawhides : RHP Aaron Chapman
|
Batting: LHB José Hernández
|
0-0: Ball 1-0: Called Strike 1-1: Ball 2-1: Called Strike 2-2: Foul Ball, location: 2F 2-2: Fly out, F7 (Flyball, 78S)
|
Batting: RHB Félix Ramos
|
0-0: Foul Ball, location: 2F 0-1: Ball 1-1: Swinging Strike 1-2: Foul Ball, location: 2F 1-2: Ball 2-2: Ball 3-2: Base on Balls
|
Batting: RHB Roberto De La Cruz
|
0-0: Ball 1-0: Fly out, F8 (Flyball, 8RM)
|
Batting: RHB Henry Appleby
|
0-0: Called Strike Félix Ramos steals 2nd base 0-1: Ball 1-1: Ball 2-1: Ball 3-1: Foul Ball, location: 2F 3-2: Foul Ball, location: 2F 3-2: Base on Balls
|
Batting: LHB Iemitsu Hatsutori
|
0-0: Ball 1-0: Foul Ball, location: 2F 1-1: Ball 2-1: Called Strike 2-2: Foul Ball, location: 2F 2-2: Foul Ball, location: 2F 2-2: Fly out, F8 (Flyball, 8LD)
|
Bottom of the 7th over - 0 run(s), 0 hit(s), 0 error(s), 2 left on base; Belvedere Park 1 - Casper 5 |
TOP OF THE 8TH |
Belvedere Park Rawhides batting - Pitching for Casper Ghosts : RHP Earl Simmons
|
Batting: SHB Eduardo Pampin
|
0-0: Called Strike 0-1: Ball 1-1: Foul Ball, location: 2F 1-2: Ball 2-2: Foul Ball, location: 2F 2-2: Ball 3-2: Strikes out swinging
|
Pitching: LHP Pat Buchanan
|
|
Batting: SHB Adrián Zamudio
|
0-0: Foul Ball, location: 2F 0-1: Called Strike 0-2: Foul Ball, location: 2F 0-2: Ground out 4-3 (Groundball, 4)
|
Batting: RHB José Pérez
|
0-0: Called Strike 0-1: Ball 1-1: SINGLE (Line Drive, 6M)
|
Batting: RHB Warren Willis
|
0-0: Ball 1-0: Ball 2-0: Foul Ball, location: 2F 2-1: Foul Ball, location: 2F 2-2: Strikes out swinging
|
Top of the 8th over - 0 run(s), 1 hit(s), 0 error(s), 1 left on base; Belvedere Park 1 - Casper 5 |
BOTTOM OF THE 8TH |
Casper Ghosts batting - Pitching for Belvedere Park Rawhides : RHP Aaron Chapman
|
Batting: RHB Warner Robinson
|
0-0: Swinging Strike 0-1: Ball 1-1: Called Strike 1-2: Strikes out swinging
|
Batting: RHB Todd Sentell
|
0-0: Called Strike 0-1: Foul Ball, location: 2F 0-2: Ball 1-2: Ball 2-2: Ball 3-2: Foul Ball, location: 2F 3-2: Strikes out swinging
|
Batting: LHB José Valéncia
|
0-0: Swinging Strike 0-1: Foul Ball, location: 2F 0-2: Ball 1-2: Ground out 4-3 (Groundball, 4)
|
Bottom of the 8th over - 0 run(s), 0 hit(s), 0 error(s), 0 left on base; Belvedere Park 1 - Casper 5 |
TOP OF THE 9TH |
Belvedere Park Rawhides batting - Pitching for Casper Ghosts : LHP Pat Buchanan
|
Batting: RHB Armond Merlin
|
0-0: Ball 1-0: Foul Ball, location: 2F 1-1: Ball 2-1: Ground out 6-3 (Groundball, 6)
|
Batting: RHB Charles Rowell
|
0-0: Ball 1-0: Ball 2-0: SINGLE (Line Drive, 6M)
|
Batting: RHB Ed Jozwiak
|
0-0: SINGLE (Line Drive, 4D) Charles Rowell to second
|
Pitching: RHP Júlio Vázquez
|
|
Batting: RHB Armando Carmona
|
0-0: Called Strike 0-1: Swinging Strike 0-2: Foul Ball, location: 2F 0-2: Foul Ball, location: 2F 0-2: Strikes out swinging
|
Batting: LHB Dan O'Day
|
0-0: Ball 1-0: Fly out, F8 (Flyball, 8LM)
|
Top of the 9th over - 0 run(s), 2 hit(s), 0 error(s), 2 left on base; Belvedere Park 1 - Casper 5 |
|